 Dungeon Crawl Stone Soup version 0.25-a0-834-g55863b0b92 (webtiles) character file.

Game seed: 4725495978564888345, levelgen mode: deterministic

5684 grindst0ne the Contemplative (level 11, -7/86 HPs)
             Began as a Human Artificer on Apr 22, 2020.
             Was a Priest of Cheibriados.
             Mangled by a spiny frog (20 damage)
             ... on level 1 of the Lair of Beasts.
             The game lasted 00:20:29 (10334 turns).

grindst0ne the Contemplative (Human Artificer)     Turns: 10334, Time: 00:20:30

Health: -7/86      AC:  8    Str: 22    XL:     11   Next: 4%
Magic:  18/18      EV: 18    Int: 20    God:    Cheibriados [***...]
Gold:   561        SH:  4    Dex: 23    Spells: 10/10 levels left

rFire    . . .     SeeInvis .   B - +2 morningstar (flame)
rCold    + . .     Gourm    .   (no shield)
rNeg     + + .     Faith    .   r - +2 ring mail {rN+}
rPois    .         Spirit   .   (no helmet)
rElec    .         Reflect  +   o - scarf {cloud immunity}
rCorr    .         Harm     .   (no gloves)
MR       .....                  (no boots)
Stlth    ++........             F - amulet "Diajott" {Reflect rN+ SH+4}
HPRegen  0.24/turn              a - +3 ring of evasion
MPRegen  0.16/turn              g - ring of protection from cold

@: lethally poisoned (-7 -> -22), very slow
A: no striking features
a: Bend Time, Temporal Distortion, Renounce Religion


You were on level 1 of the Lair of Beasts.
You worshipped Cheibriados.
Cheibriados was most pleased with you.
You were not hungry.

You visited 3 branches of the dungeon, and saw 12 of its levels.

You collected 561 gold pieces.

Inventory:

Hand Weapons
 n - a +0 broad axe
 B - a +2 morningstar of flaming (weapon)
 L - the +8 Wrath of Trog {antimagic, *Rage}
   (You found it on level 8 of the Dungeon)

   It reduces the magical energy of the wielder, and disrupts the spells and
   magical abilities of those hit.
   Natural abilities and divine invocations are not affected.
   It may make you go berserk in combat.
Missiles
 q - 5 boomerangs (quivered)
 K - 2 throwing nets
Armour
 o - a scarf of cloud immunity (worn)
 r - a +2 ring mail of positive energy (worn)
 C - +0 acid dragon scales
Jewellery
 a - a +3 ring of evasion (left hand)
 g - a ring of protection from cold (right hand)
 h - an uncursed ring of positive energy
 y - an uncursed amulet of the gourmand
 E - an uncursed ring of positive energy
 F - the amulet "Diajott" (around neck) {Reflect rN+ SH+4}
   (You took it off an orc on level 7 of the Dungeon)

   [amulet of reflection]

   It shields you and reflects attacks.
   It protects you from negative energy.
   It affects your SH (+4).
Wands
 c - a wand of paralysis (12)
 d - a wand of enslavement (15)
 e - a wand of iceblast (4)
 u - a wand of polymorph (17)
 A - a wand of flame (12)
 J - a wand of digging (4)
Scrolls
 b - 2 scrolls of amnesia
 i - a scroll of fear
 j - a scroll of fog
 l - 3 scrolls of remove curse
 m - a scroll of enchant weapon
 p - a scroll of teleportation
 s - 2 scrolls of magic mapping
 v - a scroll of random uselessness {unknown}
 w - 3 scrolls of enchant armour
Potions
 k - a potion of mutation
 t - 2 potions of stabbing
 x - 3 potions of brilliance
 z - a potion of degeneration {unknown}
 I - 2 potions of flight {unknown}
 N - a potion of curing
Miscellaneous
 D - a phial of floods (inert)
 G - a box of beasts
 H - a phantom mirror
Comestibles
 f - 13 rations
 M - 6 chunks of flesh


   Skills:
 - Level 8.1 Fighting
   Level 1.0 Short Blades
 - Level 5.0 Axes
 + Level 7.2 Armour
 - Level 5.1 Dodging
 - Level 1.0 Stealth
 + Level 9.6 Invocations
 + Level 3.4 Evocations


You had 10 spell levels left.
You didn't know any spells.
Your spell library contained the following spells:

 Spells                   Type           Power        Failure   Level  Hunger
 Animate Skeleton         Necr           N/A          28%         1    ##.....
 Beastly Appendage        Tmut           #.....       28%         1    ##.....
 Foxfire                  Conj/Fire      #...         28%         1    ##.....
 Pain                     Necr           #...         28%         1    ##.....
 Sticks to Snakes         Tmut           #.......     41%         2    ###....
 Conjure Flame            Conj/Fire      #.......     65%         3    ####...
 Inner Flame              Hex/Fire       #.......     65%         3    ####...
 Spider Form              Tmut/Pois      #.........   65%         3    ####...
 Vampiric Draining        Necr           #.........   65%         3    ####...
 Animate Dead             Necr           N/A          96%         4    #####..
 Ice Form                 Ice/Tmut       #.......     96%         4    #####..
 Sticky Flame             Conj/Fire      #.......     96%         4    #####..
 Agony                    Necr           #.......     100%        5    ######.
 Blade Hands              Tmut           #.........   100%        5    ######.
 Fireball                 Conj/Fire      #.........   100%        5    ######.


Dungeon Overview and Level Annotations

Branches:
Dungeon (10/15)            Temple (1/1) D:4            Lair (1/6) D:9
    Orc: D:9-12

Altars:
Ashenzari
Cheibriados
Dithmenos
Elyvilon
Fedhas
Gozag
Hepliaklqana
Kikubaaqudgha
Makhleb
Nemelex Xobeh
Okawaru
Qazlal
Ru
Sif Muna
Trog
Uskayaw
Vehumet
Wu Jian
Xom
Yredelemnul
Zin
The Shining One

Shops:
D:6 (

Annotations:
D:4 3 runed translucent doors, Error4North's ghost, amateur HOFi
D:9 exclusion: downstairs


Message History

The spiny frog misses you. You block the spiny frog's attack.
The spiny frog stings you!
You are poisoned.
The spiny frog poisons you! The spiny frog closely misses you.
The spiny frog misses you.
You feel sick. The spiny frog barely misses you. The spiny frog stings you.
You barely miss the spiny frog.
You feel sick. The spiny frog barely misses you.
You hit the spiny frog but do no damage.
You feel sick. You block the spiny frog's attack.
The komodo dragon barely misses you. The spiny frog closely misses you.
You block the komodo dragon's attack.
You closely miss the spiny frog.
You feel sick. The spiny frog stings you.
You are more poisoned.
The spiny frog poisons you! The komodo dragon bites you!!
* * * LOW HITPOINT WARNING * * *
* * * LOW HITPOINT WARNING * * *
You feel very sick. The spiny frog stings you!!
You die...

...............
#.............#
#............#
##............#
#............##
#.............#
#..............
........l......
##.....@F..##..
##.###.#.## #
#.### ### #.##
##.#####..###
##...........##
#P............##
###............#
##...........###


You could see a komodo dragon and a spiny frog.

Vanquished Creatures
  A two-headed ogre (D:9)
  An orange crystal statue (D:9)
  Maggie (D:7)
  A merfolk (D:9)
  A hippogriff (D:9)
  A vampire (D:9)
  Sigmund (D:4)
  A hungry ghost (D:10)
  2 wargs (D:9)
  A water moccasin (D:6)
  Duvessa (D:7)
  3 orc warriors
  A porcupine (Lair:1)
  3 sky beasts
  2 ice beasts
  A black bear (D:7)
  2 ogres
  2 phantoms
  A centaur (D:8)
  2 crocodiles (Lair:1)
  A big kobold (D:7)
  2 bullfrogs
  Dowan (D:7)
  6 scorpions
  2 howler monkeys
  A bullfrog zombie (D:7)
  3 crimson imps
  6 hounds
  3 orc wizards
  3 orc priests (D:9)
  3 iguanas (D:7)
  8 worker ants
  A howler monkey zombie (D:7)
  6 adders
  6 shadow imps
  2 oozes (D:1)
  An adder skeleton (D:4)
  A worm (D:2)
  4 dart slugs
  5 leopard geckos
  19 orcs
  6 bats
  7 giant cockroaches
  5 goblins
  8 hobgoblins
  19 jackals
  8 kobolds
  2 quokkas
  2 ball pythons
  2 frilled lizards
  2 quokka zombies
  9 rats
183 creatures vanquished.

Notes
Turn   | Place    | Note
-------+----------+-------------------------------------------
     0 | D:1      | grindst0ne the Human Artificer began the quest for the Orb.
     0 | D:1      | Reached XP level 1. HP: 15/15 MP: 3/3
   219 | D:1      | Reached XP level 2. HP: 20/22 MP: 4/4
   762 | D:1      | Reached XP level 3. HP: 28/28 MP: 5/5
  1333 | D:2      | Reached XP level 4. HP: 29/35 MP: 6/6
  2499 | D:3      | Reached XP level 5. HP: 40/43 MP: 7/7
  3043 | D:4      | Found a staircase to the Ecumenical Temple.
  3061 | Temple   | Entered the Ecumenical Temple
  3147 | D:4      | Reached skill level 5 in Fighting
  3259 | D:4      | Noticed a phantom
  3270 | D:4      | Killed a phantom
  3270 | D:4      | Reached XP level 6. HP: 52/52 MP: 8/8
  3350 | D:4      | Found a snail-covered altar of Cheibriados.
  3457 | D:4      | Became a worshipper of Cheibriados the Contemplative
  3511 | D:4      | Found a runed translucent gate.
  3512 | D:4      | Found a runed translucent gate.
  3513 | D:4      | Found a runed translucent gate.
  3537 | D:4      | Noticed Error4North's ghost (amateur HOFi)
  3563 | D:4      | Noticed an ogre
  3572 | D:4      | Killed an ogre
  3572 | D:4      | Reached XP level 7. HP: 24/59 MP: 9/9
  3833 | D:4      | Found a shimmering altar of Xom.
  3833 | D:4      | Found a burning altar of Makhleb.
  3926 | D:4      | Noticed Sigmund
  3944 | D:4      | Killed Sigmund
  4053 | D:5      | Entered Level 5 of the Dungeon
  4788 | D:5      | Reached XP level 8. HP: 65/68 MP: 10/10
  4914 | D:5      | Reached skill level 1 in Axes
  4914 | D:5      | Reached skill level 1 in Invocations
  4959 | D:5      | Found a bloodstained altar of Trog.
  5201 | D:6      | Found a sparkling altar of Nemelex Xobeh.
  5232 | D:6      | Reached skill level 1 in Armour
  5232 | D:6      | Reached skill level 2 in Invocations
  5245 | D:6      | Reached * piety under Cheibriados
  5562 | D:6      | Found Lefraj's Weapon Emporium.
  5619 | D:6      | Reached skill level 3 in Invocations
  6007 | D:6      | Found an ancient bone altar of Kikubaaqudgha.
  6456 | D:7      | Found an iron altar of Okawaru.
  6567 | D:7      | Reached skill level 4 in Invocations
  6595 | D:7      | Noticed Maggie
  6615 | D:7      | Killed Maggie
  6615 | D:7      | Reached skill level 5 in Invocations
  6615 | D:7      | Reached XP level 9. HP: 30/74 MP: 12/12
  6957 | D:7      | Noticed Duvessa
  6957 | D:7      | Noticed Dowan
  6974 | D:7      | Killed Duvessa
  6976 | D:7      | Killed Dowan
  7017 | D:7      | Reached skill level 6 in Invocations
  7258 | D:7      | Reached ** piety under Cheibriados
  7313 | D:7      | Identified the amulet "Diajott" {Reflect rN+ SH+4}
  7629 | D:7      | Reached skill level 5 in Dodging
  7629 | D:7      | Reached skill level 7 in Invocations
  7989 | D:8      | Found the +8 Wrath of Trog {antimagic, *Rage}
  8068 | D:8      | Reached XP level 10. HP: 56/80 MP: 5/15
  8130 | D:8      | Found a white marble altar of Elyvilon.
  8525 | D:9      | Reached skill level 5 in Armour
  8543 | D:9      | Reached *** piety under Cheibriados
  8603 | D:9      | Noticed an orange crystal statue
  8741 | D:9      | Noticed a two-headed ogre
  9081 | D:9      | Killed a two-headed ogre
  9081 | D:9      | Reached skill level 5 in Axes
  9081 | D:9      | Reached skill level 8 in Invocations
  9102 | D:9      | Killed an orange crystal statue
  9190 | D:9      | Reached skill level 9 in Invocations
  9462 | D:9      | Found a staircase to the Lair.
  9558 | D:9      | Found a shimmering blue altar of Sif Muna.
  9803 | D:10     | Entered Level 10 of the Dungeon
 10197 | D:10     | Reached XP level 11. HP: 86/86 MP: 18/18
 10228 | Lair:1   | Entered Level 1 of the Lair of Beasts
 10334 | Lair:1   | Mangled by a spiny frog

Levels and vault maps discovered:
D:1:      lightli_arrival_statuegarden, layout_basic,
          minmay_large_rounded_square
D:2:      layout_basic
D:3:      layout_loops_ring
D:4:      layout_rooms, grunt_temple_overflow_champion_of_chaos,
          kennysheep_mini_moat, minmay_temple_entry_wispy,
          ebering_ghost_rock_garden, kennysheep_small_spiral, uniq_sigmund
D:5:      layout_rooms, bloody_trog, first_ration, grunt_ministairs_10
D:6:      layout_layer_cave, nemelex_xobeh_ov_fountains_minmay,
          lemuel_crystal_altar, serial_shops, nicolae_shop_statue_plus,
          corexii_corridor_pit
D:7:      minmay_the_grid_triangle_9x9_recursive_2
          [minmay_the_grid_triangle_9x9_prize_center,
          minmay_the_grid_triangle_9x9_from_above,
          minmay_the_grid_triangle_9x9_alien,
          minmay_the_grid_triangle_9x9_limited_checkers], layout_gridville,
          okawaru_ov_weapons_minmay, uniq_duvessa, uniq_maggie
D:8:      layout_cave_pools, elyvilon_altar_3
D:9:      layout_roguey, lemuel_coloured_pillars_altar,
          erik_lair_orcish_takeover, hangedman_fish_farm, minivault_16
D:10:     layout_loops_ring, serial_shops, nicolae_shop_crystal,
          minmay_misc_feat_tiny
Temple:   cyrus_circular_temple
Lair:1:   layout_cave_pods, st_stairs_7, nicolae_quartered_pool_medium

Skill      XL: |  1  2  3  4  5  6  7  8  9 10 |
---------------+-------------------------------+-----
Fighting       | 2 3 4 5 6 8 |  8.1
Axes           | 1 2 5 |  5.0
Invocations    | 5 7 9 |  9.6
Armour         | 3 4 7 |  7.2
Dodging        | 3 5 |  5.1
Short Blades   | |  1.0
Stealth        | |  1.0
Evocations     | |  3.4

Action                   |  1- 3 |  4- 6 |  7- 9 | 10-12 || total
-------------------------+-------+-------+-------+-------++-------
Melee: Short sword       |   148 |   122 |       |       ||   270
       Flail             |       |    86 |    69 |       ||   155
       War axe           |       |       |    15 |       ||    15
       Long sword        |       |       |   103 |       ||   103
       Morningstar       |       |       |   134 |    88 ||   222
       Battleaxe         |       |       |     5 |    58 ||    63
Evoke: Wand              |       |    13 |    13 |     8 ||    34
       Box of beasts     |       |       |       |     1 ||     1
       Phial of floods   |       |       |       |     1 ||     1
  Use: Scroll            |       |     7 |     7 |     3 ||    17
       Potion            |       |       |     3 |     4 ||     7
 Stab: Sleeping          |     1 |       |     1 |     1 ||     3
       Paralysed         |       |       |    11 |     7 ||    18
  Eat: Chunk             |     1 |     8 |    19 |     5 ||    33
       Ration            |       |       |     1 |       ||     1
Armor: Leather armour    |    18 |       |       |       ||    18
       Ring mail         |    28 |   123 |   117 |    42 ||   310
       Skin              |       |       |       |    14 ||    14
Dodge: Dodged            |    92 |   170 |   330 |   135 ||   727
Block: Other             |       |       |       |     5 ||     5
       Rpst.: Long sword |       |       |    35 |       ||    35

Table legend:
 A = Non-vault XP
 B = Vault XP
 C = Vault XP percentage of total XP
 D = Non-vault monster count
 E = Vault monster count
 F = Vault count percentage of total count
                 A         B        C        D         E       F
            +---------+---------+-------+---------+---------+-------
      Total |    5016 |    3105 |  38.2 |     150 |      33 |  18.0
            +---------+---------+-------+---------+---------+-------
        D:1 |      65 |       0 |   0.0 |      26 |       0 |   0.0
        D:2 |      51 |       0 |   0.0 |      21 |       0 |   0.0
        D:3 |      48 |       0 |   0.0 |      21 |       0 |   0.0
        D:4 |     409 |     251 |  38.0 |       9 |       2 |  18.2
        D:5 |     230 |      40 |  14.8 |       8 |       5 |  38.5
        D:6 |     389 |       0 |   0.0 |      10 |       0 |   0.0
        D:7 |     857 |    1334 |  60.9 |      23 |      16 |  41.0
        D:8 |     511 |       0 |   0.0 |      12 |       0 |   0.0
        D:9 |    1825 |    1480 |  44.8 |      14 |      10 |  41.7
       D:10 |     281 |       0 |   0.0 |       3 |       0 |   0.0
     Lair:1 |     350 |       0 |   0.0 |       3 |       0 |   0.0
            +---------+---------+-------+---------+---------+-------
